 Dungeon Crawl Stone Soup version 0.30.1-6-gbe392663c4 (webtiles) character file.

Game seed: 5861375233991056870

8909 Danienth the Fighter (level 11, -4/87 HPs)
             Began as a Demonspawn Brigand on Sept 22, 2023.
             Was a Priest of Dithmenos.
             Slain by an ice devil (20 damage)
             ... on level 10 of the Dungeon.
             The game lasted 00:58:58 (10614 turns).

Danienth the Fighter (Demonspawn Brigand)          Turns: 10614, Time: 00:58:59

Health: -4/87      AC: 14    Str: 14    XL:     11   Next: 16%
Magic:  14/14      EV: 17    Int: 18    God:    Dithmenos [***...]
Gold:   468        SH:  5    Dex: 23    Spells: 10/14 levels left

rFire   . . .        a - +2 dagger (freeze)
rCold   . . .        (no shield)
rNeg    . . .        x - +2 leather armour
rPois   .            A - +2 hat
rElec   .            c - +2 cloak
rCorr   .            o - +0 pair of gloves
SInv    .            (no boots)
Will    .....        g - amulet of reflection
Stlth   +++++        j - +6 ring of intelligence
HPRegen 0.34/turn    i - +6 ring of dexterity
MPRegen 0.14/turn

%: reflection
@: wreathed by umbra, studying Air Magic
A: icy blue scales 1, demonic guardian 2, powered by death 2, demonic touch 2
a: Renounce Religion, Shadow Step


You were on level 10 of the Dungeon.
You worshipped Dithmenos.
Dithmenos was most pleased with you.
You visited 2 branches of the dungeon, and saw 11 of its levels.
You also visited: Ossuary.

You collected 468 gold pieces.

Inventory:

Hand Weapons
 a - a +2 dagger of freezing (weapon)
 O - a +5 falchion
Missiles
 d - 27 poisoned darts
 e - 3 curare-tipped darts
 r - 4 silver boomerangs
Armour
 c - a +2 cloak (worn)
 o - a +0 pair of gloves (worn)
 x - a +2 leather armour (worn)
 y - an orb of energy
 z - a +1 chain mail of willpower
 A - a +2 hat (worn)
 B - +2 steam dragon scales
Jewellery
 g - an amulet of reflection (around neck)
 h - a ring of magical power
 i - a +6 ring of dexterity (right hand)
 j - a +6 ring of intelligence (left hand)
 s - an amulet of faith
 w - a ring of willpower
 I - a ring of magical power
Wands
 b - a wand of polymorph (10)
 p - a wand of digging (3)
 F - a wand of flame (4) (quivered)
 G - a wand of iceblast (11)
 L - a wand of charming (7)
Scrolls
 m - 2 scrolls of magic mapping
 q - 2 scrolls of poison
 M - a scroll of amnesia
 P - a scroll of fear {unknown}
Potions
 k - 3 potions of degeneration
 l - 3 potions of flight
 t - a potion of mutation
 u - a potion of attraction
 v - a potion of magic
 E - a potion of lignification


   Skills:
 + Level 8.9 Fighting
 - Level 8.4 Short Blades
 - Level 1.7 Throwing
 - Level 5.0 Armour
 + Level 6.9 Dodging
 + Level 6.7 Stealth
 - Level 0.1 Shields
 - Level 0.5 Unarmed Combat
 * Level 2.3 Spellcasting
 * Level 2.7 Hexes
 * Level 3.1 Necromancy
 - Level 2.0 Air Magic


You had 10 spell levels left.
You knew the following spells:

 Your Spells              Type           Power      Damage    Failure   Level
a - Slow                  Hex            48%        N/A       7%          1
b - Vampiric Draining     Necr           13%        2d6       19%         3

Your spell library contained the following spells:

 Spells                   Type           Power      Damage    Failure   Level
 Confusing Touch          Hex            12%        N/A       21%         3


Dungeon Overview and Level Annotations

Branches:
Dungeon (10/15)            Temple (1/1) D:4            Lair (0/5) D:10
Ossuary (visited)
    Orc: D:9-12

Altars:
Ashenzari
Dithmenos
Fedhas
Hepliaklqana
Makhleb
Qazlal
Ru
Sif Muna
Trog
Vehumet
Yredelemnul


Innate Abilities, Weirdness & Mutations

You are partially covered in icy blue scales. (AC +2)
A demonic guardian rushes to your aid.
You regenerate health from kills.
Your touch may inflict irresistible damage on your foes.


Message History

You start resting.
An ice devil is nearby!
You start resting.
HP restored.
You start waiting.
Done waiting.
You start waiting.
An ice devil is nearby!
No target in view!
No target in view!
You start waiting.
An ice devil is nearby!
You hit the ice devil.
The ice devil is lightly wounded.
You hit the ice devil.
You touch the ice devil!
The ice devil is moderately wounded.
You hit the ice devil.
The ice devil is moderately wounded.
The ice devil hits you. The ice devil freezes you!!
You hit the ice devil.
The ice devil is heavily wounded.
You closely miss the ice devil.
The ice devil is heavily wounded.
You block the ice devil's attack.
You hit the ice devil but do no damage.
The ice devil is heavily wounded.
You hit the ice devil but do no damage.
You touch the ice devil!
The ice devil is severely wounded.
The ice devil hits you! The ice devil freezes you!!
You are too injured to fight recklessly!
You are too injured to fight recklessly!
Hit: a) +2 dagger (freeze)
Press: ? - help, Dir - move target, f - ice devil
Aim: an ice devil (severely wounded, umbra, about 26% to evade your +2 dagger of freezing)
You closely miss the ice devil.
The ice devil is severely wounded.
The ice devil hits you!
* * * LOW HITPOINT WARNING * * *
A demonic guardian appears!
The ice devil freezes you!!
You die...

#.# #.# ##...## # #.#
##.......# #.### #.33.§...#
##... #
......§..####...##.####
.....§§..+.............
......§..# #...##.####
#4....§.# ##.#@.....# #..3..#
###4#####.# ##43.##
##.4.......# ##3##
##..........###.# #.#
##.............#.# #.#
##.....##.#.....#.####
####.####..........4.......>..
........##..........##....###.
##.....<......##...###....##


You could see an ice devil (ally target) and a friendly hellwing (summoned).

Vanquished Creatures
  2 two-headed ogres
  A smoke demon (D:10)
  A gargoyle (D:10)
  Maggie (D:6)
  A rime drake (D:10)
  A polar bear (D:10)
  Grinder (D:3)
  A wraith (D:10)
  A yak (D:10)
  Grum (D:9)
  A steam dragon (D:5)
  A water moccasin (D:7)
  An acid dragon (D:10)
  A sky beast (D:7)
  10 ice beasts
  3 black bears
  3 ogres
  3 orc warriors
  5 wolves
  2 centaurs
  A phantom (D:4)
  6 elf zombies (Ossuary)
  2 bullfrogs (D:7)
  5 wights (D:9)
  9 killer bees (D:7)
  A howler monkey (D:10)
  2 jellies
  A human zombie (Ossuary)
  2 hounds
  5 centaur zombies (Ossuary)
  6 orc priests
  A quasit (D:10)
  A sleepcap (D:7)
  2 gnoll boudas (D:6)
  An iguana (D:6)
  10 orc wizards
  3 mummies (Ossuary)
  7 gnolls (D:6)
  3 adders
  4 white imps
  2 dart slugs (D:4)
  28 orcs
  8 endoplasms
  3 giant cockroaches
  13 goblins
  4 hobgoblins
  5 kobolds
  3 quokkas
  8 ball pythons
  5 bats
  2 frilled lizards (D:1)
  6 rats
200 creatures vanquished.

Vanquished Creatures (collateral kills)
  A rust devil (D:10)
  A wyvern (D:9)
  A water moccasin (D:7)
  A sky beast (D:7)
  An electric eel (D:7)
  An orc (D:7)
6 creatures vanquished.

Grand Total: 206 creatures vanquished

Notes
Turn   | Place    | Note
-------+----------+-------------------------------------------
     0 | D:1      | Danienth the Demonspawn Brigand began the quest for the
                  | Orb.
     0 | D:1      | Reached XP level 1. HP: 16/16 MP: 1/1
   132 | D:1      | Reached skill level 1 in Dodging
   134 | D:1      | Gained mutation: Your touch may inflict minor irresistible
                  | damage on your foes. [demonic ancestry]
   134 | D:1      | Reached XP level 2. HP: 15/22 MP: 2/2
  1447 | D:2      | Reached XP level 3. HP: 27/27 MP: 3/3
  1613 | D:2      | You fall into a shaft and drop 1 floor!
  1727 | D:3      | Gained mutation: Your touch may inflict irresistible damage
                  | on your foes. [demonic ancestry]
  1727 | D:3      | Reached XP level 4. HP: 33/33 MP: 4/4
  1879 | D:3      | Found a blossoming altar of Fedhas.
  2030 | D:3      | Found a faded altar of an unknown god.
  2152 | D:3      | Noticed Grinder
  2165 | D:3      | Paralysed by Grinder for 5 turns
  2177 | D:3      | Killed Grinder
  2178 | D:3      | Reached skill level 1 in Armour
  2178 | D:3      | Gained mutation: You are partially covered in icy blue
                  | scales. (AC +2) [demonic ancestry]
  2178 | D:3      | Reached XP level 5. HP: 25/41 MP: 5/5
  2178 | D:3      | Gained mutation: A weak demonic guardian rushes to your
                  | aid. [demonic ancestry]
  2178 | D:3      | Reached XP level 6. HP: 28/47 MP: 6/6
  2759 | D:4      | Found a sacrificial altar of Ru.
  2841 | D:4      | Found a staircase to the Ecumenical Temple.
  2908 | Temple   | Entered the Ecumenical Temple
  3003 | Temple   | Became a worshipper of Dithmenos the Shadowed
  3440 | D:4      | Gained mutation: You regenerate a little health from kills.
                  | [demonic ancestry]
  3440 | D:4      | Reached XP level 7. HP: 30/53 MP: 7/7
  3617 | D:5      | Entered Level 5 of the Dungeon
  3743 | D:5      | Reached * piety under Dithmenos
  3764 | D:5      | Noticed a steam dragon
  3769 | D:5      | Killed a steam dragon
  4260 | D:6      | Gained mutation: A demonic guardian rushes to your aid.
                  | [demonic ancestry]
  4260 | D:6      | Reached XP level 8. HP: 61/61 MP: 8/8
  4488 | D:6      | Noticed Maggie
  4522 | D:6      | Killed Maggie
  4523 | D:6      | Reached skill level 5 in Fighting
  4523 | D:6      | Reached skill level 5 in Short Blades
  4523 | D:6      | Reached skill level 5 in Dodging
  4857 | D:6      | Found a hazy altar of Hepliaklqana.
  5113 | D:7      | Found a sand-covered staircase.
  5126 | D:7      | Reached ** piety under Dithmenos
  5134 | Ossuary  | Entered an ossuary
  5185 | Ossuary  | Reached XP level 9. HP: 67/68 MP: 9/9
  5399 | Ossuary  | Reached skill level 5 in Armour
  5923 | D:7      | Reached skill level 5 in Stealth
  7006 | D:8      | Identified a scroll of acquirement
  7006 | D:8      | Acquired a manual of Air Magic
  7224 | D:7      | Reached XP level 10. HP: 65/79 MP: 10/10
  8096 | D:9      | Reached *** piety under Dithmenos
  8210 | D:9      | Noticed a two-headed ogre
  8220 | D:9      | Killed a two-headed ogre
  8358 | D:9      | Found a basalt altar of Yredelemnul.
  8393 | D:9      | Noticed Grum
  8415 | D:9      | Killed Grum
  8585 | D:9      | Noticed a two-headed ogre
  8625 | D:9      | Learned a level 1 spell: Slow
  8629 | D:9      | Learned a level 3 spell: Vampiric Draining
  8717 | D:9      | Identified the +5 quarterstaff of Infection {freeze, Drain
                  | +Blink rElec rN+}
  9165 | D:10     | Entered Level 10 of the Dungeon
  9188 | D:10     | Noticed a smoke demon
  9212 | D:10     | Killed a smoke demon
  9213 | D:10     | Reached skill level 1 in Necromancy
  9213 | D:10     | Reached skill level 1 in Air Magic
  9339 | D:10     | Noticed a gargoyle
  9342 | D:10     | Reached skill level 1 in Hexes
  9480 | D:10     | Killed a gargoyle
  9481 | D:10     | Reached skill level 1 in Spellcasting
 10054 | D:10     | Found a staircase to the Lair.
 10090 | D:10     | Gained mutation: You regenerate health from kills. [demonic
                  | ancestry]
 10090 | D:10     | Reached XP level 11. HP: 87/87 MP: 13/13
 10178 | D:10     | Noticed a sixfirhy
 10179 | D:10     | Noticed a soul eater
 10179 | D:10     | Noticed a two-headed ogre
 10179 | D:10     | Noticed a soul eater
 10192 | D:10     | Killed a two-headed ogre
 10212 | D:10     | HP: 3/87 [sixfirhy (10)]
 10614 | D:10     | Slain by an ice devil

Illustrated notes

Levels and vault maps discovered:
D:1:      erik_arrival_triangle_large, layout_basic
D:2:      layout_loops_cross
D:3:      layout_loops_ring, mainiacjoe_overflow_catch_the_wave,
          nicolae_ecumenical_oubliette, minivault_25, uniq_grinder
D:4:      layout_rooms, mainiacjoe_overflow_alcove_1,
          minmay_temple_entry_mini_moons, minivault_19
D:5:      layout_rooms, columned_hall_lemuel, minmay_ogre_servants
D:6:      layout_rooms, nzn_hepliaklqana_mist_gate, uniq_maggie
D:7:      layout_basic, nicolae_ossuary_entry_ruins, minivault_14,
          kennysheep_path_1, chequers_avenue, chequers_jeans
D:8:      layout_cave_pools
D:9:      layout_loops_corners, kennysheep_ying_yang,
          chequers_hall_statues_corner_a, minmay_misc_feat_four_crosses,
          uniq_grum
D:10:     minmay_evil_eye, layout_loops_corners, grunt_temple_overflow_opulence,
          minitemple, mainiacjoe_overflow_catwalk_spiral,
          hellmonk_lair_entry_icy, serial_demonic, serial_demonic_a,
          serial_demonic_d, serial_demonic_b, serial_demonic_e
Temple:   hellmonk_temple_beads

Skill      XL: |  1  2  3  4  5  6  7  8  9 10 11 |
---------------+----------------------------------+-----
Dodging        | 1 2 4 5 6 |  6.9
Stealth        | 4 5 6 |  6.7
Short Blades   | 2 3 4 5 7 8 |  8.4
Fighting       | 3 4 5 7 8 |  8.9
Armour         | 1 3 4 5 |  5.0
Necromancy     | 2 3 |  3.1
Air Magic      | 2 |  2.0
Hexes          | 2 |  2.7
Spellcasting   | 1 2 |  2.3
Throwing       | |  1.7
Shields        | |  0.1
Unarmed Combat | |  0.5

Action                     |  1- 3 |  4- 6 |  7- 9 | 10-12 || total
---------------------------+-------+-------+-------+-------++-------
  Melee: Dagger            |    64 |    78 |   458 |   271 ||   871
         Touch             |    11 |    17 |   107 |    67 ||   202
         Punch             |     1 |       |     9 |     2 ||    12
         Unarmed           |       |     8 |       |       ||     8
  Throw: Dart              |     2 |       |     2 |     4 ||     8
   Cast: Slow              |       |       |       |     4 ||     4
  Evoke: Wand              |       |       |     1 |    12 ||    13
    Use: Scroll            |     1 |    10 |    14 |     9 ||    34
         Potion            |       |     5 |     4 |     5 ||    14
   Stab: Sleeping          |     8 |     2 |     8 |     4 ||    22
         Distracted        |       |     2 |     1 |       ||     3
 Armour: Robe              |    11 |       |       |       ||    11
         Leather armour    |       |    26 |   139 |    91 ||   256
  Dodge: Dodged            |    19 |    62 |   319 |   190 ||   590
  Block: Other             |       |    11 |   102 |    44 ||   157
         Reflection        |       |     1 |       |     1 ||     2
